Unix NetHack Version 3.7.0-65 Work-in-progress - last build Oct 3 2022 04:20:45 (938f679fcd32a3c70215a73001258fd12811ee3d,branch:master). Game began 2022-10-04 06:11:30, ended 2022-10-04 09:50:04. RaijinKnight, chaotic female elven Wizard ----- ---------------- ------------- |....#############|..............| ------ |...........| |..>| #|.....>.........## |....| ##............| |....## #|..............|#####.....| ##|...........| -.--- # #---------.------ # |....| ####-------.----- ## ### ###`####### ####......# # # ## # # # # ------# ###### ## ###### ### ### ### # ### ## ### # # #####################)######)## ## --|-- # #### #-.------..--- # # |...| ----|------- # #|...........| ####### ## |...| |...........#####|.......<...| #--o-----# ----..]| |..........| # |...........| #|po.F.x.# |......| |...........#####|...........| #|F..ox.| |......| |...(......| #............| #|aooo:.| |....*.| ------------ ------------- #|o@a...| |...---- #-..s...| |...| ---h---- |...| ----- RaijinKnight the Thaumaturge St:11 Dx:12 Co:15 In:20 Wi:15 Ch:10 Chaotic S:4470 Dlvl:2 $:292 HP:0(52) Pw:2(77) AC:6 Xp:7/1002 T:6219 Latest messages: The hill orc thrusts his orcish dagger at the elf zombie. The hill orc hits the elf zombie. The elf zombie hits the hill orc. The centipede turns to flee. The newt turns to flee. The giant ant turns to flee. The dwarf turns to flee. The grid bug bites! The hill orc thrusts his orcish dagger at the elf zombie. The hill orc hits the elf zombie. The hill orc hits the elf zombie. The elf zombie is destroyed! You kill the lichen! The hill orc picks up an empty broken chest. The hill orc swings her curved sword. The hill orc hits! The grid bug bites! You get zapped! Something is written here in the dust. You read: "E?|e? ??". The grid bug misses! What do you want to write with? [- c-ehoqsP or ?*] - Do you want to add to the current engraving? [ynq] (y) n You wipe out the message that was written in the dust here. You write in the dust with your fingertip. What do you want to write in the dust here? Elbereth The hill orc turns to flee. The hill orc wields a curved sword! The hill orc turns to flee. The hill orc hurls a potion of confusion! The potion of confusion misses the grid bug. The flagon crashes on your head and breaks into shards. The potion of confusion evaporates. You feel somewhat dizzy. The grid bug turns to flee. The hill orc throws an orcish dagger! An orcish dagger misses you. The hill orc turns to flee. The hill orc turns to flee. You feel less confused now. The hill orc just misses! The hill orc picks up some gold. The hill orc picks up a dwarvish cloak. The hill orc picks up 10 rocks. You kill the grid bug! The hill orc thrusts his orcish dagger. The hill orc hits! The hill orc hits! You die... Do you want your possessions identified? [ynq] (y) q Inventory: Coins $ - 292 gold pieces Weapons P - a +3 dagger (weapon in hand) h - 4 +0 daggers (at the ready) Armor y - an uncursed +0 pair of leather gloves (being worn) b - an uncursed +2 cloak of magic resistance (being worn) Comestibles a - an uncursed clove of garlic J - 3 uncursed food rations m - 2 uncursed pancakes Scrolls n - an uncursed scroll of amnesia t - an uncursed scroll of blank paper u - 2 cursed scrolls of blank paper r - an uncursed scroll of create monster p - a blessed scroll of enchant weapon i - an uncursed scroll of food detection W - an uncursed scroll of identify U - 2 uncursed scrolls of light k - an uncursed scroll of remove curse l - an uncursed scroll of taming Rings e - an uncursed +1 ring of increase damage d - an uncursed ring of polymorph control (on right hand) Wands c - a wand of enlightenment (0:14) q - a wand of light (0:11) Gems/Stones o - an uncursed worthless piece of black glass s - an uncursed luckstone RaijinKnight the Wizard's attributes: Background: You were a Thaumaturge, a level 7 female elven Wizard. You were chaotic, on a mission for Anhur who was opposed by Ptah (lawful) and Thoth (neutral). You were in the Dungeons of Doom, on level 2. You entered the dungeon 6219 turns ago. You had 1002 experience points, 278 more were needed to attain level 8. Your score was 4470 before end-of-game adjustments. Basics: You had 0 out of 52 hit points. You had 2 out of 77 energy points (spell power). Your armor class was 6. Your wallet contained 292 zorkmids. Autopickup was off. Final Characteristics: Your strength was 11 (limit:18). Your dexterity was 12 (limit:18). Your constitution was 15 (limit:16). Your intelligence was 20 (limit:20). Your wisdom was 15 (limit:20). Your charisma was 10 (limit:18). Final Status: You were not hungry. You were unencumbered. You were wielding a dagger. You were skilled in dagger. Final Attributes: You were piously aligned. You were magic-protected. You were sleep resistant. You were telepathic. You had infravision. You were warded. You had polymorph control. You were extremely lucky. You had extra luck. Bad luck did not time out for you. Good luck did not time out for you. You are dead. Miscellaneous: You never encountered a bones level. Total elapsed playing time was 1 hour, 21 minutes and 36 seconds. Major events: Turn 1: RaijinKnight the chaotic female elven Wizard entered the dungeon 743: entered the Gnomish Mines 753: attained the rank of Conjurer (level 3) 3201: attained the rank of Thaumaturge (level 6) 6219: killed by a hill orc Vanquished creatures: a leprechaun a housecat 2 rock piercers 2 rock moles 2 ponies 4 fog clouds 3 gnome leaders a gray ooze 7 elf zombies 2 straw golems a paper golem a giant ant a little dog 4 floating eyes 3 kittens 7 dwarves 4 homunculi 3 kobold leaders a kobold shaman 2 hill orcs 7 rothes a rabid rat 3 giant bats 3 monkeys 4 orc zombies a dwarf zombie 3 wererats a werejackal 7 iguanas 2 acid blobs 2 gas spores 3 hobbits a large kobold 2 hobgoblins 5 giant rats a cave spider 2 brown molds 2 green molds a red mold 9 gnomes a gnome zombie 7 geckos 9 jackals a kobold 7 goblins 19 grid bugs 3 lichens 4 kobold zombies 11 newts 174 creatures vanquished. No species were genocided or became extinct. Voluntary challenges: You read items or engraved 8 times. You engraved Elbereth 2 times. You never genocided any monsters. You never polymorphed an object. You never changed form. You used no wishes. Achievements: You entered a shop. You entered the Gnomish Mines. You attained the rank of Conjurer. You attained the rank of Thaumaturge. The Dungeons of Doom: levels 1 to 4 Level 1: Some fountains. Level 2: <- You were here. A general store, an altar to Anhur. Stairs down to The Gnomish Mines. Final resting place for you, killed by a hill orc. Level 3: A scroll shop, a fountain. Level 4: The Gnomish Mines: levels 3 to 4 Level 3: Level 4: Game over: ---------- / \ / REST \ / IN \ / PEACE \ / \ | RaijinKnight | | 292 Au | | killed by a hill | | orc | | | | | | 2022 | *| * * * | * _________)/\\_//(\/(/\)/\//\/|_)_______ Goodbye RaijinKnight the Wizard... You died in The Dungeons of Doom on dungeon level 2 with 4441 points, and 292 pieces of gold, after 6219 moves. You were level 7 with a maximum of 52 hit points when you died.